 Dungeon Crawl Stone Soup version 0.21-a0-426-g98080a9 (webtiles) character file.

47 GoodRolls the Conjurer (level 3, -9/19 HPs)
             Began as a Tengu Fire Elementalist on Nov 7, 2017.
             Mangled by Sigmund
             ... wielding a +0 scythe
              (13 damage)
             ... on level 2 of the Dungeon.
             The game lasted 00:02:07 (1191 turns).

GoodRolls the Conjurer (Tengu Fire Elementalist)    Turns: 1191, Time: 00:02:08

Health: -9/19      AC:  2    Str:  8    XL:     3   Next: 70%
Magic:  2/7        EV: 13    Int: 15    God:
Gold:   70         SH:  0    Dex: 15    Spells: 0/6 levels left

rFire    . . .     SeeInvis .   (no weapon)
rCold    . . .     Gourm    .   (no shield)
rNeg     . . .     Faith    .   a - +0 robe
rPois    .         Spirit   .   (helmet restricted)
rElec    .         Reflect  .   (no cloak)
rCorr    .         Harm     .   (no gloves)
MR       .....                  (boots unavailable)
Stlth    +.........             (no amulet)
HPRegen  0.06/turn              (no ring)
MPRegen  0.10/turn              (no ring)

@: confused
A: beak, talons 3
a: no special abilities


You were on level 2 of the Dungeon.
You were not hungry.

You visited 1 branch of the dungeon, and saw 2 of its levels.

You collected 70 gold pieces.

Inventory:

Missiles
 k - a throwing net (quivered)
Armour
 a - a +0 robe (worn)
Scrolls
 d - a scroll of enchant weapon {unknown}
 e - a scroll of recharging {unknown}
 i - a scroll of fear {unknown}
 j - a scroll of identify {unknown}
Potions
 h - a potion of heal wounds {unknown}
Books
 b - a book of Flames

   Spells                             Type                      Level
   a - Flame Tongue                   Conjuration/Fire             1
   b - Throw Flame                    Conjuration/Fire             2
   c - Conjure Flame                  Conjuration/Fire             3
   d - Inner Flame                    Hexes/Fire                   3
   e - Sticky Flame                   Conjuration/Fire             4
   f - Fireball                       Conjuration/Fire             5
Comestibles
 c - 2 bread rations
 g - a royal jelly
 l - 4 fruits


   Skills:
 - Level 2.1 Dodging
 - Level 2.0 Stealth
 - Level 2.0 Spellcasting
 + Level 4.6 Conjurations
 - Level 3.2 Fire Magic


You couldn't memorise any spells.
You knew the following spells:

 Your Spells              Type           Power        Failure   Level  Hunger
a - Flame Tongue          Conj/Fire      ##...        4%          1    #......
b - Throw Flame           Conj/Fire      ##....       6%          2    ###....
c - Conjure Flame         Conj/Fire      ##......     13%         3    ###....


Dungeon Overview and Level Annotations

Branches:
Dungeon (2/15)

Altars:

Annotations:
D:2 Robin, Sigmund, Terence


Innate Abilities, Weirdness & Mutations

You have a beak for a mouth.
You have claws for feet.


Message History

Press: ? - help, Shift-Dir - straight line, f/p - adder
Aim: an adder (heavily wounded)
The flame tongue hits the adder.
You kill the adder!
The frilled lizard bites you.
You closely miss the frilled lizard. Terence hits you with a flail.
The frilled lizard bites you.
Sigmund the Dreaded comes into view.
He is wielding a scythe.
Sigmund shouts!
Terence hits you with a flail!
Ouch! That really hurt!
* * * LOW HITPOINT WARNING * * *
Sigmund casts a spell at you.
You are confused.
You bump into the rock wall.
Terence closely misses you.
The frilled lizard hisses.
The frilled lizard misses you.
Sigmund hits you from afar with a scythe!
Ouch! That really hurt!
You die...

.l.###########.
.....††........
# #.##### #.
#.....#
#.####l###.#
#..@...@...#
###..@..######
#......<...#
#..........#
#...)......#
#.....)....#
#....#######
#....# ######


You could see Sigmund, Terence and a frilled lizard.

Vanquished Creatures
  2 adders (D:2)
  A leopard gecko (D:1)
  4 goblins
  6 hobgoblins (D:1)
  3 jackals (D:1)
  3 kobolds
  A bat (D:1)
  2 frilled lizards (D:1)
  4 rats (D:1)
26 creatures vanquished.

Notes
Turn   | Place    | Note
-------+----------+-------------------------------------------
     0 | D:1      | GoodRolls the Tengu Fire Elementalist began the quest for the Orb.
     0 | D:1      | Reached XP level 1. HP: 10/10 MP: 4/4
    61 | D:1      | Reached skill level 2 in Conjurations
   228 | D:1      | Reached XP level 2. HP: 10/15 MP: 3/6
   347 | D:1      | Learned a level 2 spell: Throw Flame
   393 | D:1      | Reached skill level 3 in Conjurations
  1056 | D:2      | Noticed Robin
  1061 | D:1      | Reached XP level 3. HP: 19/19 MP: 3/7
  1127 | D:1      | Learned a level 3 spell: Conjure Flame
  1147 | D:2      | Reached skill level 4 in Conjurations
  1173 | D:2      | Noticed Terence
  1189 | D:2      | Noticed Sigmund
  1191 | D:2      | Mangled by Sigmund

Vault maps used:
D:1:      dpeg_arrival_ternary
D:2:      chequers_ecumenical_altar_simple, uniq_robin, uniq_sigmund,
          uniq_terence

Skill      XL: |  1  2  3 |
---------------+----------+-----
Conjurations   | 2 3 4 |  4.6
Dodging        | |  2.1
Stealth        | |  2.0
Spellcasting   | |  2.0
Fire Magic     | |  3.2

Action                   || total
-------------------------++-------
Melee: Unarmed           ||    31
       Kick              ||     5
       Peck              ||     2
 Cast: Flame Tongue      ||    28
       Throw Flame       ||     1
 Stab: Sleeping          ||     4
  Eat: Chunk             ||     1
Armor: Robe              ||    10
Dodge: Dodged            ||    25

Table legend:
 A = Spawn XP
 B = Non-spawn XP
 C = Spawn XP percentage of total XP
 D = Spawn monster count
 E = Non-spawn monster count
 F = Spawn count percentage of total count
 G = Total turns spent on level
                    A         B        C        D         E        F      G
               +---------+---------+-------+---------+---------+-------+---------
         Total |       0 |      68 |   0.0 |       0 |      26 |   0.0 |  1191
               +---------+---------+-------+---------+---------+-------+---------
           D:1 |       0 |      36 |   0.0 |       0 |      21 |   0.0 |  1143
           D:2 |       0 |      32 |   0.0 |       0 |       5 |   0.0 |    48
               +---------+---------+-------+---------+---------+-------+---------
